 Dungeon Crawl Stone Soup version 0.29-a0-284-gf9362112df (webtiles) character file.

Game seed: 13649051308675545991

30 NotOkHand the Stinger (level 3, -1/28 HPs)
             Began as a Naga Venom Mage on Mar 24, 2022.
             Slain by a jackal (3 damage)
             ... on level 2 of the Dungeon.
             The game lasted 00:09:16 (1303 turns).

NotOkHand the Stinger (Naga Venom Mage)             Turns: 1303, Time: 00:09:18

Health: -1/28      AC:  2    Str: 10    XL:     3   Next: 20%
Magic:  4/6        EV:  9    Int: 17    God:
Gold:   35         SH:  3    Dex: 11    Spells: 5/6 levels left

rFire   . . .      SeeInvis +   h - +0 falchion
rCold   . . .      Faith    .   e - +0 buckler
rNeg    + . .      Spirit   .   a - +0 robe
rPois   +          Reflect  .   (no helmet)
rElec   .          Harm     .   (no cloak)
rCorr   .          Rampage  .   (no gloves)
Will    .....                   (no barding)
Stlth   ++........              (no amulet)
HPRegen 0.09/turn               c - ring of positive energy
MPRegen 0.10/turn               (no ring)

@: very slow
A: AC +1, large, see invisible, deformed body, poison resistance, slowness 2,
spit poison 1, naga tail 1
a: Spit Poison


You were on level 2 of the Dungeon.
You visited 1 branch of the dungeon, and saw 2 of its levels.

You collected 35 gold pieces.

Inventory:

Hand Weapons
 d - a +0 mace
 h - a +0 falchion (weapon)
Missiles
 k - 5 boomerangs
Armour
 a - a +0 robe (worn)
 e - a +0 buckler (worn)
Jewellery
 c - a ring of positive energy (left hand)
Scrolls
 f - 2 scrolls of torment
 i - a scroll of blinking {unknown}
Potions
 b - a potion of magic
 g - 2 potions of curing {unknown}
 j - a potion of heal wounds {unknown}


   Skills:
 + Level 1.6 Dodging
 + Level 3.3 Stealth
 + Level 2.3 Spellcasting
 + Level 1.1 Transmutations
 + Level 4.9 Poison Magic


You had 5 spell levels left.
You knew the following spells:

 Your Spells              Type           Power      Damage    Failure   Level
a - Sting                 Tmut/Pois      48%        1d5       7%          1

Your spell library contained the following spells:

 Spells                   Type           Power      Damage    Failure   Level
 Poisonous Vapours        Pois/Air       20%        N/A       13%         2
 Olgreb's Toxic Radiance  Pois           18%        N/A       30%         4
 Mephitic Cloud           Conj/Pois/Air  7%         N/A       34%         3


Dungeon Overview and Level Annotations

Branches:
Dungeon (2/15)

Altars:


Innate Abilities, Weirdness & Mutations

Your serpentine skin is tough. (AC +1)
You have supernaturally acute eyesight. (SInv)
Armour fits poorly on your strangely shaped body.
Your system is resistant to poisons. (rPois)
You cover ground very slowly.
You can spit poison.
You have a snake-like lower body.


Message History

Found a bubbling emerald potion and a club.
Found a stone staircase leading down.
There is a stone staircase leading up here.
The helpless worm fails to defend itself.
You slash the worm!
The worm is heavily wounded.
The jackal barks! x2; You hear a bark! x2
A jackal comes into view.
You hear a shout!
Casting: Sting (safe; 7% risk of failure)
Confirm with . or Enter, or press ? or * to list all spells.
Aiming: Sting (safe; 7% risk of failure)
Press: ? - help, Shift-Dir - straight line, f - jackal
Aim: a jackal (64% to hit)
The sting hits the jackal.
The jackal is poisoned.
The jackal is almost dead.
You block the jackal's attack. The worm bites you.
The jackal bites you but does no damage.
Casting: Sting (safe; 7% risk of failure)
Confirm with . or Enter, or press ? or * to list all spells.
Aiming: Sting (safe; 7% risk of failure)
Press: ? - help, Shift-Dir - straight line, f - worm, p - jackal
Aim: a worm (moderately wounded, 90% to hit)
The sting hits the worm.
The worm is poisoned.
The worm is heavily wounded.
You kill the jackal!
The worm misses you.
You barely miss the worm.
The worm is heavily wounded.
The jackal bites you. x2
A jackal comes into view.
You closely miss the jackal.
The jackal barks!
You block the jackal's attack. The worm bites you.
You closely miss the jackal.
The worm looks more healthy.
The jackal bites you. x2
* * * LOW HITPOINT WARNING * * *
The worm bites you.
* * * LOW HITPOINT WARNING * * *
The jackal bites you.
You die...

...#.### #).#
. ... ...
...# ..
..........#
...
....#....#
....#.#.#.>..
........l..#
.!.....wh.##
#.@hh.#
####....#
...# ..# ##


You could see a worm, 3 jackals and a frilled lizard.

Vanquished Creatures
  A dart slug (D:1)
  3 ball pythons (D:1)
  2 bats (D:1)
  3 endoplasms (D:1)
  2 giant cockroaches (D:1)
  3 hobgoblins (D:1)
  A jackal (D:2)
  A quokka (D:1)
  A frilled lizard (D:1)
  3 goblins (D:1)
  4 kobolds (D:1)
  A rat (D:1)
25 creatures vanquished.

Notes
Turn   | Place    | Note
-------+----------+-------------------------------------------
     0 | D:1      | NotOkHand the Naga Venom Mage began the quest for the Orb.
     0 | D:1      | Reached XP level 1. HP: 15/15 MP: 3/3
   114 | D:1      | Reached XP level 2. HP: 22/22 MP: 3/5
   746 | D:1      | HP: 1/22 [bat (1)]
   747 | D:1      | Reached XP level 3. HP: 1/28 MP: 1/6
  1303 | D:2      | Slain by a jackal

Illustrated notes

Levels and vault maps discovered:
D:1:      dpeg_arrival_long_road, layout_basic, st_stairs_9,
          minmay_misc_feat_chi
D:2:      layout_loops_ring

Action                   || total
-------------------------++-------
Melee: Mace              ||    14
       Falchion          ||    15
 Cast: Sting             ||    29
  Use: Scroll            ||     1
 Stab: Sleeping          ||     1
Armor: Robe              ||     7
Dodge: Dodged            ||    19
Block: Buckler           ||     5

Table legend: (Time is in decaauts)
 A = Elapsed time spent in this place.
 B = Non-inter-level travel time spent in this place.
 C = Inter-level travel time spent in this place.
 D = Time resting spent in this place.
 E = Time spent auto-exploring this place.
 F = Levels seen in this place.
 G = Mean time per level.
                   A        B        C        D        E       F      G
               +--------+--------+--------+--------+--------+-----+--------+
         Total |   1506 |    904 |    602 |      0 |      0 |   2 |  753.0 |
       Dungeon |   1506 |    904 |    602 |      0 |      0 |   2 |  753.0 |
               +--------+--------+--------+--------+--------+-----+--------+

Top non-repeatable levels by time:
     D:1: 1499 daAuts
     D:2: 6 daAuts
